 Dungeon Crawl Stone Soup version 0.30-a0-159-g068b764562 (webtiles) character file.

Game seed: 8826235538266153558

61 qw the Chopper (level 4, -1/28 HPs)
             Began as a Gargoyle Fighter on Sept 27, 2022.
             Slain by a gnoll
             ... wielding a +0 spear
              (7 damage)
             ... on level 2 of the Dungeon.
             The game lasted 00:00:25 (1698 turns).

qw the Chopper (Gargoyle Fighter)                   Turns: 1698, Time: 00:00:26

Health: -1/28      AC: 10    Str: 21    XL:     4   Next: 7%
Magic:  4/4        EV:  9    Int:  9    God:
Gold:   52         SH:  4    Dex:  9    Spells: 3/3 levels left

rFire   . . .      SeeInvis .    Y - +0 war axe
rCold   . . .      Faith    .    c - +0 buckler
rNeg    + . .      Spirit   .    b - +0 scale mail
rPois   inf        Reflect  .    (no helmet)
rElec   +          Harm     .    (no cloak)
rCorr   .          Rampage  .    (no gloves)
Will    .....                    (no boots)
Stlth   ..........               (no amulet)
HPRegen 0.09/turn                (no ring)
MPRegen 0.09/turn                (no ring)

@: no status effects
A: sickness immunity, AC +3, negative energy resistance 1, electricity
resistance, torment resistance 1, petrification resistance
a: no special abilities


You were on level 2 of the Dungeon.
You visited 1 branch of the dungeon, and saw 2 of its levels.

You collected 52 gold pieces.


Innate Abilities, Weirdness & Mutations

You are immune to sickness and miasma.
Your stone body is resilient. (AC +3)
You are immune to poison.
You resist negative energy. (rN+)
You are resistant to electric shocks. (rElec)
You are resistant to unholy torment.
You are immune to petrification.


   Skills:
 - Level 3.2 Fighting
 + Level 3.8 Axes
 - Level 3.2 Armour
 - Level 3.2 Shields


You had 3 spell levels left.
You didn't know any spells.
Your spell library was empty.

Inventory:

Hand Weapons
 h - a +0 flail
 Y - a +0 war axe (weapon)
Armour
 b - a +0 scale mail (worn)
 c - a +0 buckler (worn)
 g - a +2 helmet
Scrolls
 a - a scroll of torment {unknown}
 i - 2 scrolls of enchant armour
Potions
 d - 2 potions of might
 e - a potion of berserk rage {unknown}
 f - a potion of attraction {unknown}
 j - a potion of degeneration {unknown}

Dungeon Overview and Level Annotations

Branches:
Dungeon (2/15)

Altars:


Message History

You kill the gnoll!
You block the gnoll's attack.
A bat comes into view.
The gnoll hits you but does no damage. You block the gnoll's attack.
Things that are here:
a +0 whip; a frilled lizard corpse You closely miss the gnoll.
The gnoll hits you but does no damage. The gnoll closely misses you.
The gnoll hits you with a +0 halberd. The gnoll hits you but does no damage.
You closely miss the gnoll. The gnoll hits you with a +0 halberd.
The gnoll hits you from afar with a +0 spear.
You hit the gnoll.
The gnoll is moderately wounded.
The gnoll barely misses you.
An endoplasm comes into view.
The gnoll hits you from afar with a +0 spear.
The gnoll closely misses you.
The gnoll hits you from afar with a +0 spear.
The endoplasm quivers.
You hit the gnoll.
The gnoll is heavily wounded.
The gnoll misses you. The gnoll hits you but does no damage.
You slash the gnoll!
You kill the gnoll!
The gnoll hits you from afar with a +0 spear.
The endoplasm jiggles.
You have reached level 4!
You feel clever. The gnoll barely misses you.
The gnoll hits you but does no damage.
Things that are here:
a +0 halberd; a gnoll corpse You hit the gnoll.
The gnoll is moderately wounded.
The gnoll hits you with a +0 spear. You block the gnoll's attack.
The gnoll hits you from afar with a +0 spear.
The gnoll closely misses you.
You barely miss the gnoll.
The gnoll is moderately wounded.
The gnoll hits you with a +0 spear!
You die...

#...## #.###
#.# #.# #.#
#.# # #.#
#.#####.#
#gg@)...#
....Jr#######
.####


You could see 2 gnolls, an endoplasm and a rat.

Vanquished Creatures
  3 gnolls
  2 dart slugs
  3 endoplasms (D:1)
  5 goblins
  2 hobgoblins
  2 jackals (D:2)
  6 ball pythons
  2 frilled lizards (D:2)
  2 kobolds (D:1)
  2 rats (D:1)
29 creatures vanquished.

Notes
Turn   | Place    | Note
-------+----------+-------------------------------------------
     0 | D:1      | qw the Gargoyle Fighter began the quest for the Orb.
     0 | D:1      | Reached XP level 1. HP: 14/14 MP: 1/1
     0 | D:1      | Noticed a human
     0 | D:1      | 0 ||| qw: Version: 0.2-a-10-g37ed214
     0 | D:1      | 0 ||| qw: Game counter: 549
     0 | D:1      | 0 ||| qw: Always use a shield: true
     0 | D:1      | 0 ||| qw: God list: Okawaru
     0 | D:1      | 0 ||| qw: Allow faded altars: false
     0 | D:1      | 0 ||| qw: Do Orc after D:15 true
     0 | D:1      | 0 ||| qw: Do second Lair branch before Depths: true
     0 | D:1      | 0 ||| qw: Lair rune preference: random
     0 | D:1      | 0 ||| qw: Plans: Normal, Zot:1-4, God:TSO, Crypt, Tomb,
                  | Pan, Slime:5, Hells, Abyss, Orb
     0 | D:1      | 0 ||| PLANNING D:1-11
     4 | D:1      | Noticed a vampire
     7 | D:1      | Noticed a human
    15 | D:1      | Noticed a merfolk zombie
    17 | D:1      | Noticed an elf
    19 | D:1      | Noticed a barachi
    42 | D:1      | 42 ||| Stepping ~*~*~tactically~*~*~ (stealth).
   324 | D:1      | Reached XP level 2. HP: 19/19 MP: 2/2
   527 | D:1      | Found a faded altar of an unknown god.
   674 | D:1      | Reached skill level 3 in Axes
   899 | D:1      | 899 ||| DROPPING +0 club.
   978 | D:1      | Reached XP level 3. HP: 23/23 MP: 3/3
  1253 | D:1      | 1253 ||| READING scroll labelled VAORAYMEBLAK.
  1354 | D:1      | 1354 ||| READING scroll labelled IRICAF FIHIHO.
  1355 | D:1      | 1355 ||| READING 3 scrolls labelled ENUESE UFFE.
  1356 | D:1      | 1356 ||| READING scroll labelled ARIREHOTH.
  1357 | D:1      | 1357 ||| READING scroll labelled RUDAG QIRINI.
  1370 | D:2      | 1370 ||| Stepping ~*~*~tactically~*~*~ (stealth).
  1401 | D:2      | 1401 ||| FLEEEEING.
  1402 | D:2      | 1402 ||| STAIRDANCE
  1502 | D:2      | 1502 ||| Stepping ~*~*~tactically~*~*~ (hiding).
  1503 | D:2      | 1503 ||| Stepping ~*~*~tactically~*~*~ (hiding).
  1696 | D:2      | Reached XP level 4. HP: 11/28 MP: 4/4
  1697 | D:2      | HP: 7/28 [gnoll/+0 spear (4)]
  1698 | D:2      | Slain by a gnoll

Levels and vault maps discovered:
D:1:      shiori_arrival_whats_in_store_for_you, layout_loops_corners,
          shapermc_ecumenical_altar_pompeii
D:2:      wad_river_or_something, layout_basic

Skill      XL: |  1  2 |
---------------+-------+-----
Axes           | 2 3 |  3.8
Fighting       | |  3.2
Armour         | |  3.2
Shields        | |  3.2

Action                   |  1- 3 |  4- 6 || total
-------------------------+-------+-------++-------
Melee: War axe           |    81 |     2 ||    83
  Use: Scroll            |     5 |       ||     5
Armor: Scale mail        |    40 |     1 ||    41
Dodge: Dodged            |    39 |     2 ||    41
Block: Buckler           |    12 |     1 ||    13

Table legend:
 A = Non-vault XP
 B = Vault XP
 C = Vault XP percentage of total XP
 D = Non-vault monster count
 E = Vault monster count
 F = Vault count percentage of total count
                 A         B        C        D         E       F
            +---------+---------+-------+---------+---------+-------
      Total |      86 |       2 |   2.3 |      28 |       1 |   3.4
            +---------+---------+-------+---------+---------+-------
        D:1 |      42 |       0 |   0.0 |      18 |       0 |   0.0
        D:2 |      44 |       2 |   4.3 |      10 |       1 |   9.1
            +---------+---------+-------+---------+---------+-------
